 Dungeon Crawl Stone Soup version 0.29-a0-866-g0545e20025 (webtiles) character file.

Game seed: 9129813296690147006

197 MirrMurr the Poker (level 5, -2/44 (46) HPs)
             Began as a Minotaur Gladiator on July 17, 2022.
             Slain by a wight
             ... wielding a +2 vorpal mace
              (7 damage)
             ... on level 4 of the Dungeon.
             The game lasted 00:05:34 (3316 turns).

MirrMurr the Poker (Minotaur Gladiator)             Turns: 3316, Time: 00:05:35

HP:   -2/44 (46)    AC:  9    Str: 18    XL:     5   Next: 46%
MP:   4/4           EV: 11    Int:  7    God:
Gold: 190           SH:  0    Dex: 12    Spells: 4/4 levels left

rFire   + + +      SeeInvis .   a - +1 trident
rCold   + . .      Faith    .   (no shield)
rNeg    . . .      Spirit   .   y - +1 scale mail of Tiofiy {rF++}
rPois   +          Reflect  .   c - +2 hat
rElec   .          Harm     .   t - scarf {rC+ rF+}
rCorr   .          Rampage  .   (no gloves)
Will    .....                   (no boots)
Stlth   ..........              (no amulet)
HPRegen 0.14/turn               g - ring of poison resistance
MPRegen 0.09/turn               (no ring)

@: lightly drained
A: horns 2, retaliatory headbutt
a: no special abilities


You were on level 4 of the Dungeon.
You visited 1 branch of the dungeon, and saw 4 of its levels.

You collected 190 gold pieces.

Inventory:

Hand Weapons
 a - a +1 trident (weapon)
Missiles
 d - 3 throwing nets
 e - a javelin
 f - 58 stones (quivered)
Armour
 c - a +2 hat (worn)
 t - a scarf of resistance (worn)
 y - the +1 scale mail of Tiofiy (worn) {rF++}
   (You found it on level 3 of the Dungeon)

   rF:        It greatly protects you from fire.
Jewellery
 g - a ring of poison resistance (left hand)
Scrolls
 m - 2 scrolls of fear
 q - a scroll of teleportation {unknown}
Potions
 b - a potion of brilliance {unknown}
 n - 2 potions of flight {unknown}
 p - 2 potions of might {unknown}
 r - a potion of curing {unknown}
 s - 2 potions of heal wounds {unknown}
 u - a potion of degeneration {unknown}
 w - a potion of lignification {unknown}
 x - a potion of mutation {unknown}


   Skills:
 + Level 3.7 Fighting
 * Level 5.5 Polearms
 + Level 3.1 Throwing
 + Level 4.2 Dodging


You had 4 spell levels left.
You didn't know any spells.
Your spell library was empty.

Dungeon Overview and Level Annotations

Branches:
Dungeon (4/15)
 Temple: D:4-7

Altars:
Elyvilon
Uskayaw
Wu Jian

Shops:
D:3 *


Innate Abilities, Weirdness & Mutations

You have a pair of horns on your head.
You reflexively headbutt those who attack you in melee.


Message History

The gnoll is almost dead.
The gnoll barely misses you.
Unknown command.
You reach to attack!
You closely miss the gnoll.
The gnoll is almost dead.
The gnoll hits you from afar with a +0 spear.
Unknown command.
Unknown command. 2 wights come into view.
A wight is wielding a +2 vorpal mace.
The gnoll misses you.
The wight moves out of view.
Items here: )) ††.
You closely miss the gnoll.
The gnoll is almost dead.
The gnoll barely misses you.
You hit the gnoll.
You kill the gnoll!
Things that are here:
a +0 spear; a gnoll corpse
Items here: )) ††.
The wight attacks as you move away! The wight barely misses you.
Things that are here:
a +3 dire flail of freezing; a +0 robe The wight attacks as you move away!
The wight closely misses you. You furiously retaliate!
You headbutt the wight.
Things that are here:
a +0 short sword; a kobold corpse
Found a white marble altar of Elyvilon.
The wight attacks as you move away!
The wight hits you with a +2 vorpal mace!
* * * LOW HITPOINT WARNING * * *
The wight attacks as you move away! The wight barely misses you.
The wight attacks as you move away!
The wight hits you with a +2 vorpal mace.
* * * LOW HITPOINT WARNING * * *
You feel drained.
* * * LOW HITPOINT WARNING * * *
x2
There is a stone staircase leading up here.
You see here a scroll of amnesia.
The wight hits you with a +2 vorpal mace!
You die...

**#...≈≈≈≈.≈≈≈≈....# *#..#,,,,**
,,....≈.......≈....###...#*,,,,**
,,,,,.≈.♣♣♣.♣.≈.##......#***,,,,*
,,,,,.≈.*...♣.≈.##..>...# **,,,,
,,,,,,≈,♣._.♣.≈.###z...## *****
,,,,,,≈,♣..,♣.≈.##....##
,,,,,,≈,♣.♣♣♣.≈......##
,,,,,,≈,......≈.z....#
*,>,,,≈≈≈≈≈≈≈≈≈.@...##
**,,,,,,...........##
**,,,,,,..........##
*,,,,,,,...#####.## ********###*
### *


You could see 2 wights.

Vanquished Creatures
  A wight (D:4)
  Jessica (D:2)
  Robin (D:2)
  3 gnolls (D:4)
  2 worms (D:2)
  2 dart slugs (D:1)
  An orc (D:3)
  5 endoplasms
  3 giant cockroaches
  15 goblins
  10 hobgoblins
  2 jackals (D:1)
  A quokka (D:2)
  4 ball pythons
  6 bats
  2 frilled lizards
  6 kobolds
  2 rats
67 creatures vanquished.

Notes
Turn   | Place    | Note
-------+----------+-------------------------------------------
     0 | D:1      | MirrMurr the Minotaur Gladiator began the quest for the
                  | Orb.
     0 | D:1      | Reached XP level 1. HP: 18/18 MP: 0/0
   371 | D:1      | Reached skill level 4 in Polearms
   371 | D:1      | Reached XP level 2. HP: 25/25 MP: 1/1
  1098 | D:2      | Found a faded altar of an unknown god.
  1113 | D:2      | Reached XP level 3. HP: 30/30 MP: 2/2
  1147 | D:2      | Noticed Jessica
  1151 | D:2      | Killed Jessica
  1427 | D:2      | Noticed Robin
  1455 | D:2      | Reached XP level 4. HP: 27/38 MP: 3/3
  1462 | D:2      | Killed Robin
  1733 | D:2      | Found an ornate altar of the Wu Jian Council.
  2319 | D:3      | Identified the +8 whip of Intimidation {vorpal, rPois Dex+4
                  | Stlth+}
  2570 | D:3      | Found a hide-covered altar of Uskayaw.
  2576 | D:3      | Reached skill level 5 in Polearms
  2633 | D:3      | Identified the +1 scale mail of Tiofiy {rF++}
  2963 | D:3      | Found Seazifad's General Store.
  3235 | D:4      | Identified a scroll of acquirement
  3235 | D:4      | Acquired a ring of poison resistance
  3289 | D:4      | Reached XP level 5. HP: 35/46 MP: 4/4
  3304 | D:4      | Found a white marble altar of Elyvilon.
  3316 | D:4      | Slain by a wight

Illustrated notes

Levels and vault maps discovered:
D:1:      noname_arrival_rooms_in_the_neighbourhood, layout_loops_corners
D:2:      layout_basic, basic_altar, shapermc_ecumenical_altar_acropolis,
          uniq_robin, uniq_jessica
D:3:      layout_basic, lemuel_tele_altar, serial_shops, nicolae_shop_stone
D:4:      layout_layer_cave, mainiacjoe_overflow_brackets

Skill      XL: |  1  2  3  4 |
---------------+-------------+-----
Polearms       | 4 5 |  5.5
Fighting       | 3 |  3.7
Dodging        | 4 |  4.2
Throwing       | 3 |  3.1

Action                   |  1- 3 |  4- 6 || total
-------------------------+-------+-------++-------
Melee: Trident           |    73 |    76 ||   149
       Headbutt          |     8 |     8 ||    16
  Use: Scroll            |       |     9 ||     9
Armor: Leather armour    |     5 |       ||     5
       Scale mail        |     8 |    25 ||    33
Dodge: Dodged            |    31 |    37 ||    68

Table legend: (Time is in decaauts)
 A = Elapsed time spent in this place.
 B = Non-inter-level travel time spent in this place.
 C = Inter-level travel time spent in this place.
 D = Time resting spent in this place.
 E = Time spent auto-exploring this place.
 F = Levels seen in this place.
 G = Mean time per level.
                   A        B        C        D        E       F      G
               +--------+--------+--------+--------+--------+-----+--------+
         Total |   3327 |   3181 |    146 |     60 |   2676 |   4 |  831.8 |
       Dungeon |   3327 |   3181 |    146 |     60 |   2676 |   4 |  831.8 |
               +--------+--------+--------+--------+--------+-----+--------+

Top non-repeatable levels by time:
     D:3: 1114 daAuts
     D:1: 1068 daAuts
     D:2: 1057 daAuts
     D:4: 86 daAuts
